 Dungeon Crawl Stone Soup version 0.25.0-1-g7eea58d2a3 (webtiles) character file.

Game seed: 17878013012974958762

1884182 Froggeryz the Axe Maniac (level 27, 249/273 HPs)
             Began as a Minotaur Berserker on June 13, 2020.
             Was the Champion of Trog.
             Escaped with the Orb
             ... and 3 runes!
             The game lasted 01:49:16 (57320 turns).

Froggeryz the Axe Maniac (Minotaur Berserker)      Turns: 57320, Time: 01:49:16

Health: 249/273    AC: 31    Str: 31    XL:     27
Magic:  10/15      EV: 26    Int: 12    God:    Trog [******]
Gold:   6972       SH: 44    Dex: 17    Spells: 26/26 levels left

rFire    + + .     SeeInvis .   x - +9 broad axe (flame)
rCold    . . .     Gourm    .   e - +11 tower shield of Ashenzari's Regard {-Tele Harm Int+4}
rNeg     + + +     Faith    .   w - +3 fire dragon scales "Laenwin" {rF++ rC- Int+4 Dex+3}
rPois    .         Spirit   .   (helmet restricted)
rElec    .         Reflect  +   C - +4 dragonskin cloak
rCorr    +         Harm     +   E - +2 pair of gloves of Buitick {rN+++ rCorr MP-9 Dex+2}
MR       ++...     NoTele   +   a - +1 pair of boots
Stlth    ..........             R - amulet of reflection
HPRegen  0.55/turn              q - ring of protection from cold
MPRegen  0.14/turn              g - +4 ring of slaying

@: no status effects
A: retaliatory headbutt, horns 2, clumsy 1, deterioration 1, low mp 1
0: Orb of Zot
}: 3/15 runes: serpentine, barnacled, silver
a: Berserk, Trog's Hand, Brothers in Arms, Renounce Religion


You escaped.
You worshipped Trog.
Trog was exalted by your worship.
You were hungry.

You visited 8 branches of the dungeon, and saw 46 of its levels.
You also visited: Trove, Ossuary, Ice Cave and Desolation.

You collected 8319 gold pieces.
You spent 1347 gold pieces at shops.

Inventory:

Hand Weapons
 x - a +9 broad axe of flaming (weapon)
 M - a +7 executioner's axe of flaming
Armour
 a - a +1 pair of boots (worn)
 e - the +11 tower shield of Ashenzari's Regard (worn) {-Tele Harm Int+4}
   (You found it in a treasure trove)

   It affects your intelligence (+4).
   It prevents most forms of teleportation.
   It increases damage dealt and taken.
 i - the +0 tower shield "Pealet" {rElec}
   (You found it in a treasure trove)

   It insulates you from electricity.
 w - the +3 fire dragon scales "Laenwin" (worn) {rF++ rC- Int+4 Dex+3}
   (You found it in a treasure trove)

   It affects your intelligence (+4).
   It affects your dexterity (+3).
   It greatly protects you from fire.
   It makes you vulnerable to cold.
 C - the +4 dragonskin cloak (worn)
   (You took it off Tiamat on level 3 of the Realm of Zot)
 E - the +2 pair of gloves of Buitick (worn) {rN+++ rCorr MP-9 Dex+2}
   (You found it in a treasure trove)

   It affects your dexterity (+2).
   It renders you almost immune to negative energy.
   It affects your magic capacity (-9).
   It provides partial protection from all sources of acid and corrosion.
 G - the +3 scale mail of Fiwuy {rF+++ rC+ rN+}
   (You found it on level 5 of the Vaults)

   It renders you almost immune to fire.
   It protects you from cold.
   It protects you from negative energy.
Jewellery
 g - a +4 ring of slaying (right hand)
 o - the ring "Esamewyh" {MR++ EV+4}
   (You took it off a deep elf annihilator on level 3 of the Depths)

   [ring of evasion]

   It affects your evasion (+4).
   It affects your resistance to hostile enchantments.
 q - a ring of protection from cold (left hand)
 A - an uncursed ring of protection from cold
 B - an uncursed ring of protection from magic
 H - the amulet of Entrepreneurial Spirit {Faith MR+ Str+3}
   (You took it off an imperial myrmidon in the Desolation of Salt)

   [amulet of faith]

   It allows you to gain divine favour quickly.
   It affects your strength (+3).
   It affects your resistance to hostile enchantments.
 K - the ring of Ituaff {Fire +Blink rElec rN+ Int-4}
   (You found it on level 2 of the Depths)

   [ring of fire]

   It enhances your fire magic.
   It affects your intelligence (-4).
   It protects you from fire.
   It makes you vulnerable to cold.
   It insulates you from electricity.
   It protects you from negative energy.
   It lets you blink.
 O - the ring "Qyemupt" {rF+ EV+4}
   (You found it in the Desolation of Salt)

   [ring of evasion]

   It affects your evasion (+4).
   It protects you from fire.
 P - an uncursed ring of magical power
 Q - the ring of Creativity {rN+ MR++ Str+6 Int+3 Dex+4}
   (You found it on level 6 of the Lair of Beasts)

   [ring of strength]

   It affects your strength (+6).
   It affects your intelligence (+3).
   It affects your dexterity (+4).
   It protects you from negative energy.
   It affects your resistance to hostile enchantments.
 R - an amulet of reflection (around neck)
 S - a +4 ring of protection
 W - the ring "Kaicoycw" {+Fly MP+9}
   (You took it off an ogre mage on level 5 of the Vaults)

   [ring of magical power]

   It affects your magic capacity (+9).
   It lets you fly.
 Y - an uncursed ring of protection from magic
Wands
 l - a wand of iceblast (45)
 t - a wand of digging (32)
 L - a wand of clouds (7)
 T - a wand of acid (2)
Scrolls
 b - 14 scrolls of teleportation
 f - a scroll of enchant armour
 j - 32 scrolls of remove curse
 m - a scroll of summoning
 n - 3 scrolls of magic mapping
 p - a scroll of fog
 y - 4 scrolls of fear
 z - a scroll of silence
 F - 5 scrolls of blinking
 N - a scroll of identify
Potions
 d - 14 potions of curing
 h - 6 potions of resistance
 k - 2 potions of haste
 r - 3 potions of mutation
 s - 6 potions of ambrosia
 u - 5 potions of might
 v - 2 potions of cancellation
Miscellaneous
 I - 3 phantom mirrors
Comestibles
 c - 70 rations


   Skills:
 O Level 27 Fighting
 O Level 27 Axes
 - Level 20.0 Armour
 + Level 21.3 Dodging
 - Level 26.3 Shields
 - Level 7.1 Evocations


You had 26 spell levels left.
You didn't know any spells.
Your spell library was empty.

Dungeon Overview and Level Annotations

Branches:
Dungeon (15/15)            Temple (0/1) D:7            Lair (6/6) D:8
 Shoals (4/4) Lair:2        Snake (4/4) Lair:2        Slime (0/5) Lair:5
    Orc (2/2) D:10            Elf (0/3) Orc:2        Vaults (5/5) D:14
  Crypt (0/3) Vaults:3     Depths (5/5) D:15            Zot (5/5) Depths:5
Ossuary (visited)           IceCv (visited)         Desolation (visited)

Altars:
Ashenzari
Cheibriados
Fedhas
Gozag
Hepliaklqana
Makhleb
Okawaru
Qazlal
Sif Muna
Xom
Yredelemnul
Zin
The Shining One
Beogh

Shops:
D:6 [   D:7 !   D:8 :   D:9 (   Orc:2 !:*([   Vaults:2 }   Vaults:5 :[
Depths:2 *   Depths:4 }==

Portals:
Hell: Depths:1 Depths:2 Depths:3 Depths:4 Depths:5
Abyss: Shoals:1 Depths:4
Pandemonium: Depths:2 Depths:3 Depths:4
Ziggurat: Depths:2

Annotations:
D:7 3 runed translucent doors
Lair:3 2 transporters, Delamore's ghost, journeyman GrFi
Lair:5 exclusion: 2 oklob plants
Depths:2 1 runed translucent door, exclusion: obsidian statue, Froggeryz's ghost, legendary MiBe


Innate Abilities, Weirdness & Mutations

You reflexively headbutt those who attack you in melee.
You have a pair of horns on your head.
You are clumsy. (Dex -2)
Your body sometimes deteriorates upon taking damage.
Your magical capacity is low. (-10% MP)


Message History

There is a stone staircase leading down here.
You feel yourself slow down.
You see here a dagger.
There is an open door here.
There is an open door here.
There is an open door here.
There is a strange disturbance nearby!
You can't go up here!
No target in view!
Deactivating autopickup; reactivate with Ctrl-A.
You barely miss something.
Your fire dragon scales "Laenwin" prevents you from hitting something.
You headbutt something! Something hits you but does no damage.
Something barely misses you.
There is a staircase leading out of the dungeon here.
You are feeling hungry.
Something hits you!!
You feel your power leaking away.
You have escaped!

.###.##.###.########.#...#.#
.....................#...#.#
....####....####'##..#...#.#
###....###.....#.#..######.#
#..##.###.....#'#..######.##
##.###.........#.#..........#
#..# ###......##'##.###.....#
.(## ##.#####{..#####.#...#
.## #.'['.'.@.'.+.'.#...# ##
#######...#####.#...# #
##'##.....##### #.#..#####
#'#.## #.#.# #'#.# #...#
#####


There were no monsters in sight!

Vanquished Creatures
  Tiamat (Zot:3)
  7 orbs of fire
  3 ancient liches
  4 Killer Klowns
  Bai Suzhen (Snake:3)
  A caustic shrike (Depths:2)
  Xtahua (Vaults:4)
  The ghost of Anleoss the Gelid, a veteran GnWn of Ashenzari (Depths:3)
  14 golden dragons
  the Enchantress (Depths:5)
  A Brimstone Fiend (D:15)
  23 tentacled monstrosities
  4 electric golems
  A hellephant (Depths:4)
  3 liches
  Jorgrun (Snake:3)
  An Ice Fiend (Depths:3)
  The ghost of Sianeop the Warrior, an adept GrFi of Cheibriados (Vaults:4)
  26 Orb Guardians
  Asterion (Vaults:1)
  8 quicksilver dragons
  Frances (D:13)
  7 death cobs
  4 titans
  A kraken (Shoals:2)
  5 draconian monks
  8 sphinxes
  Polyphemus (Shoals:4)
  16 shadow dragons
  16 storm dragons
  5 tengu reavers
  Ilsuiw (Shoals:3)
  7 nagarajas
  Roxanne (D:14)
  An iron dragon (Vaults:4)
  9 fire giants
  2 imperial myrmidons (Desolation)
  6 draconian knights
  A balrug (Depths:1)
  10 frost giants
  9 vault wardens
  The ghost of Wecaes the Arsonist, a journeyman HOFE of Okawaru (Shoals:1)
  Aizul (Snake:1)
  2 deep elf sorcerers
  7 draconian scorchers
  7 draconian shifters
  4 draconian stormcallers
  The ghost of Kisosi the Severer, a journeyman DDFi of Makhleb (Orc:2)
  Louise (Snake:2)
  3 ghost moths
  A curse skull (Vaults:4)
  A caustic shrike zombie (Depths:2)
  7 draconian annihilators
  An orc warlord (Orc:2)
  8 spriggan defenders
  17 ironheart preservers
  21 very ugly things
  11 green draconians
  22 stone giants
  An entropy weaver (Vaults:4)
  2 war gargoyles (Vaults:5)
  4 deep elf demonologists
  6 deep elf annihilators
  A vampire knight (Depths:3)
  17 yellow draconians
  A lorocyproca (D:11)
  4 spark wasps (Depths:3)
  17 dire elephants (Depths:4)
  Azrael (Orc:2)
  8 red draconians
  7 white draconians
  9 black draconians
  2 eidola (Vaults:4)
  14 purple draconians
  3 merfolk javelineers
  5 halazid warlocks (Desolation)
  Josephine (D:14)
  4 deep elf death magi
  10 ettins
  10 fire dragons
  10 ogre magi
  2 blizzard demons (Depths:3)
  7 ragged hierophants (Desolation)
  3 jiangshi (Depths:3)
  7 merfolk impalers
  8 great orbs of eyes
  4 deep elf high priests
  8 rakshasas
  15 yaktaur captains
  15 naga warriors
  28 vault guards
  11 servants of whispers (Desolation)
  A caustic shrike simulacrum (Depths:3)
  4 hydras
  9 ice dragons
  10 centaur warriors
  8 spriggan air magi
  3 peacekeepers (Desolation)
  2 death knights
  2 catoblepae
  13 anacondas
  32 two-headed ogres
  9 death yaks
  An alligator snapping turtle (Shoals:4)
  5 merfolk avatars
  2 hell hogs (Shoals:1)
  9 deep troll shamans
  4 satyrs
  5 merfolk aquamancers
  18 naga sharpshooters
  3 deep troll earth magi
  5 tengu warriors
  2 vampire magi (Depths:3)
  10 spriggan berserkers
  2 dancing weapons (Vaults:5)
  An orc high priest (Orc:2)
  4 shock serpents
  12 deep elf knights
  2 storm dragon zombies
  A sun demon (D:15)
  5 spriggans
  3 fire crabs
  5 skeletal warriors (Vaults:3)
  3 sixfirhies
  Sonja (D:12)
  A shadow wraith (Vaults:2)
  2 salamander mystics (Snake:4)
  4 iron trolls
  6 hell knights (Depths:4)
  A sea snake (shapeshifter) (Depths:3)
  5 unseen horrors
  A torturous demonspawn (Depths:3)
  A swamp dragon (Lair:6)
  2 glowing orange brains
  A storm dragon skeleton (Depths:2)
  7 sea snakes
  8 deep elf archers
  A shadow demon (Depths:2)
  Pikel (D:6)
  4 flayed ghosts
  5 wizards
  23 harpies
  30 deep trolls
  2 phantasmal warriors (Vaults:5)
  6 naga ritualists
  16 deep elf magi
  13 orc knights
  5 necromancers
  A wolf spider zombie (D:14)
  An orb spider (shapeshifter) (Vaults:4)
  A shadow dragon skeleton (Vaults:3)
  9 mana vipers
  4 lindwurms (Lair:6)
  3 orc sorcerers
  17 ironbrand convokers
  A human zombie (Vaults:3)
  2 wolf spiders
  54 ugly things
  A wolf spider (shapeshifter) (Vaults:1)
  8 salamanders
  A tengu skeleton (Vaults:3)
  A shining eye (shapeshifter) (D:15)
  10 manticores
  A sphinx skeleton (Vaults:3)
  11 cyclopes
  Joseph (D:10)
  3 centaur zombies
  7 merfolk sirens
  A stone giant skeleton (Vaults:3)
  7 human skeletons (Vaults:3)
  17 fauns
  7 vault sentinels
  A rust devil (Depths:2)
  6 elephants (Lair:5)
  26 moths of wrath
  A water nymph (shapeshifter) (Vaults:5)
  A fire giant skeleton (Vaults:3)
  38 black mambas
  15 guardian serpents
  22 naga magi
  A guardian serpent (shapeshifter) (Vaults:3)
  An ice statue (IceCv)
  A storm dragon simulacrum (Depths:3)
  2 water nymphs (Shoals:4)
  9 spiny frogs
  2 kobold demonologists (D:12)
  4 rime drakes
  A yaktaur (shapeshifter) (Vaults:5)
  A small abomination (Vaults:5)
  56 yaktaurs
  2 ice devils (Depths:3)
  15 freezing wraiths
  A spark wasp simulacrum (Depths:3)
  6 trolls
  A tengu conjurer (Depths:4)
  2 red devils
  7 komodo dragons
  35 merfolk
  A meliai (shapeshifter) (Vaults:4)
  9 polar bears (Lair:6)
  66 saltlings (Desolation)
  A polar bear (shapeshifter) (D:14)
  A queen bee (shapeshifter) (Depths:3)
  4 wind drakes
  8 hornets
  Prince Ribbit (D:5)
  2 dream sheep (Shoals:4)
  5 raiju (Lair:6)
  A spriggan zombie (Depths:2)
  A human simulacrum (Vaults:3)
  19 blink frogs
  19 slime creatures
  A fire giant simulacrum (Depths:3)
  8 snapping turtles
  8 hippogriffs
  A large abomination (Shoals:1)
  2 redbacks (Vaults:4)
  6 wraiths
  A spriggan (shapeshifter) (Vaults:1)
  9 water elementals
  5 shadows
  A basilisk (shapeshifter) (Vaults:2)
  2 wyverns
  A tarantella (shapeshifter) (D:13)
  A fire bat (Shoals:4)
  9 basilisks
  A hog (shapeshifter) (Depths:4)
  48 yaks
  A yak (shapeshifter) (Vaults:3)
  Grum (D:10)
  3 steam dragons
  2 humans (shapeshifter)
  A neqoxec (D:13)
  A hungry ghost (D:7)
  4 fire elementals (Orc:2)
  A chaos spawn (Depths:2)
  3 vampire mosquitoes (D:14)
  3 acid dragons
  12 wargs
  59 nagas
  12 hell hounds (Lair:6)
  15 water moccasins
  A floating eye (Depths:2)
  10 porcupines
  2 swamp drakes (Lair:6)
  31 orc warriors
  2 slaves (D:6)
  Purgy (D:4)
  13 ice beasts
  2 phantoms
  12 black bears
  A deep troll skeleton (Vaults:3)
  2 ettin simulacra
  A black bear (shapeshifter) (Vaults:1)
  2 necrophages
  An alligator simulacrum (IceCv)
  An elf simulacrum (Depths:3)
  25 ogres
  33 centaurs
  21 wolves
  11 boggarts
  19 crocodiles
  5 big kobolds
  13 bullfrogs
  4 water moccasin zombies (Ossuary)
  A gnoll sergeant (D:8)
  A glowing shapeshifter simulacrum (Depths:2)
  A wyvern zombie (D:14)
  A wyvern skeleton (D:11)
  3 scorpions
  2 water moccasin skeletons (D:9)
  A scorpion (shapeshifter) (Shoals:1)
  An elephant simulacrum (IceCv)
  7 wights
  12 killer bees
  3 vampire bats (Lair:4)
  2 electric eels (Lair:6)
  4 howler monkeys
  9 crimson imps
  3 bullfrog zombies
  4 hounds
  4 draconian simulacra (IceCv)
  7 jellies
  3 quasits
  A jelly (shapeshifter) (Depths:4)
  10 orc priests
  3 bullfrog skeletons
  4 centaur skeletons
  Crazy Yiuf (D:6)
  8 iguanas
  15 orc wizards
  14 worker ants
  2 spriggan simulacra (IceCv)
  3 troll simulacra (IceCv)
  A polar bear simulacrum (IceCv)
  A killer bee zombie (D:7)
  A wolf simulacrum (IceCv)
  3 big kobold zombies (Ossuary)
  A centaur simulacrum (IceCv)
  A hound zombie (D:8)
  A hound skeleton (D:8)
  2 mummies (Ossuary)
  12 gnolls
  A howler monkey skeleton (D:7)
  10 adders
  3 naga simulacra (IceCv)
  4 ogre simulacra (IceCv)
  2 shadow imps (D:9)
  22 white imps
  An ooze (D:5)
  4 adder skeletons
  An adder zombie (D:7)
  A worm (D:2)
  2 dart slugs
  6 leopard geckos
  58 orcs
  4 giant cockroaches
  3 gnoll zombies (Ossuary)
  7 goblins
  9 hobgoblins
  4 jackals (D:5)
  5 quokkas
  A ball python (D:3)
  16 bats
  7 frilled lizards
  3 hobgoblin zombies (Ossuary)
  25 kobolds
  6 kobold zombies (Ossuary)
  2 leopard gecko skeletons
  9 orc zombies (Ossuary)
  12 rats
  2 crawling corpses (Vaults:5)
  2 fungi
  4 pillars of salt (Vaults:2)
  25 plants
  4 tentacles (Shoals:2)
2334 creatures vanquished.

Vanquished Creatures (collateral kills)
  A juggernaut (Depths:3)
  A nagaraja (Snake:3)
  A purple draconian (Zot:3)
  2 nagas (Snake:3)
  3 wargs (Orc:2)
8 creatures vanquished.

Vanquished Creatures (others)
  A shadow dragon (Depths:5)
  A fire giant (Depths:1)
  An ironheart preserver (Vaults:3)
  A satyr (Shoals:3)
  A merfolk aquamancer (Shoals:4)
  A deep troll earth mage (Depths:4)
  A deep elf knight (Vaults:1)
  A wizard (Depths:2)
  An ironbrand convoker (Desolation)
  A slime creature (Vaults:2)
  A merfolk (Shoals:4)
  2 nagas (Snake:2)
  A shadow imp (D:6)
  2 orcs
  92 fungi
  A lurking horror (Shoals:1)
  6 pillars of salt (Vaults:2)
  141 plants
  3 tentacles (Shoals:2)
259 creatures vanquished.

Grand Total: 2601 creatures vanquished

Notes
Turn   | Place    | Note
-------+----------+-------------------------------------------
     0 | D:1      | Froggeryz the Minotaur Berserker began the quest for the
                  | Orb.
     0 | D:1      | Reached XP level 1. HP: 19/19 MP: 0/0
    52 | D:1      | Reached XP level 2. HP: 17/26 MP: 1/1
   563 | D:1      | Reached XP level 3. HP: 31/31 MP: 2/2
   572 | D:1      | Reached ** piety under Trog
   766 | D:2      | Reached skill level 5 in Axes
  1031 | D:2      | Reached XP level 4. HP: 39/39 MP: 3/3
  1160 | D:3      | Found a shattered altar of Ashenzari.
  1182 | D:3      | Found a faded altar of an unknown god.
  1656 | D:3      | Found a stormy altar of Qazlal.
  1927 | D:4      | Noticed a centaur
  1943 | D:4      | Killed a centaur
  1943 | D:4      | Reached *** piety under Trog
  1943 | D:4      | Reached XP level 5. HP: 36/45 MP: 2/4
  1976 | D:4      | Found a basalt altar of Yredelemnul.
  2158 | D:4      | Found a sand-covered staircase.
  2163 | Ossuary  | Entered an ossuary
  2220 | Ossuary  | HP: 3/67 [water moccasin zombie (1)]
  2221 | Ossuary  | Reached XP level 6. HP: 3/51 MP: 1/5
  2726 | Ossuary  | Reached skill level 5 in Dodging
  2803 | Ossuary  | Reached XP level 7. HP: 45/57 MP: 4/6
  2938 | D:4      | Reached **** piety under Trog
  3056 | D:4      | Noticed Purgy
  3065 | D:4      | Killed Purgy
  3426 | D:4      | Found a blossoming altar of Fedhas.
  3426 | D:4      | Found an iron altar of Okawaru.
  3428 | D:4      | Found a hazy altar of Hepliaklqana.
  3849 | D:4      | Found a shimmering altar of Xom.
  3849 | D:4      | Found a burning altar of Makhleb.
  3907 | D:5      | Entered Level 5 of the Dungeon
  4455 | D:5      | Noticed Prince Ribbit
  4470 | D:5      | Killed Prince Ribbit
  4470 | D:5      | Reached skill level 10 in Axes
  4470 | D:5      | Reached XP level 8. HP: 32/64 MP: 1/7
  4758 | D:5      | Found a burning altar of Makhleb.
  4758 | D:5      | Noticed a blizzard demon
  4963 | D:5      | Got a faintly glowing spear
  4966 | D:5      | Identified the +10 spear of Impeachment {antimagic, rF+ rN+
                  | Int-3} (You found it on level 5 of the Dungeon)
  5345 | D:6      | Noticed Pikel
  5363 | D:6      | Killed Pikel
  5363 | D:6      | Reached XP level 9. HP: 70/70 MP: 6/8
  5768 | D:6      | Found Lenapsut's Antique Armour Shoppe.
  5851 | D:6      | Found a runed translucent door.
  5852 | D:6      | Noticed Crazy Yiuf
  6071 | D:6      | Killed Crazy Yiuf
  6481 | D:7      | Found a runed translucent door.
  6484 | D:7      | Found a runed translucent door.
  6634 | D:7      | Found a runed translucent door.
  6635 | D:7      | Noticed a deep elf mage
  6689 | D:7      | Reached skill level 15 in Axes
  6692 | D:7      | HP: 3/105 [deep elf mage/bolt of lightning (17)]
  6699 | D:7      | Killed a deep elf mage
  6788 | D:7      | Noticed a deep elf mage
  6809 | D:7      | Killed a deep elf mage
  6809 | D:7      | Reached XP level 10. HP: 60/77 MP: 7/9
  6851 | D:7      | Noticed a manticore
  6858 | D:7      | Killed a manticore
  6863 | D:7      | Reached ***** piety under Trog
  6864 | D:7      | Identified the Incunabulum of Flying Snow
  7430 | D:7      | Reached skill level 1 in Shields
  7467 | D:7      | Found Junkiqib's Distillery.
  7480 | D:7      | Bought a potion of heal wounds for 55 gold pieces
  7480 | D:7      | Bought a potion of might for 44 gold pieces
  7510 | D:7      | Found a shimmering blue altar of Sif Muna.
  7566 | D:7      | Found a staircase to the Ecumenical Temple.
  7607 | D:7      | Found a glowing golden altar of the Shining One.
  8126 | D:8      | Found a staircase to the Lair.
  8185 | D:8      | Noticed a two-headed ogre
  8190 | D:8      | Killed a two-headed ogre
  8394 | D:8      | Found Jarurylo's Book Shoppe.
  8652 | D:9      | Noticed a two-headed ogre
  8657 | D:9      | Killed a two-headed ogre
  8868 | D:9      | Reached XP level 11. HP: 66/82 MP: 8/10
  8918 | D:9      | Found a glowing silver altar of Zin.
  9070 | D:9      | Reached skill level 10 in Shields
  9129 | D:9      | Found Teyduu's Antique Weapon Emporium.
  9359 | Lair:1   | Entered Level 1 of the Lair of Beasts
  9446 | Lair:1   | Noticed a six-headed hydra
  9458 | Lair:1   | Killed an eight-headed hydra
  9569 | Lair:1   | Noticed a six-headed hydra
  9578 | Lair:1   | Killed an eight-headed hydra
 10436 | Lair:2   | Received a gift from Trog
 11201 | Lair:2   | Found a staircase to the Shoals.
 11288 | Lair:2   | Found a staircase to the Snake Pit.
 11704 | Lair:3   | Noticed a death yak
 11705 | Lair:3   | Noticed Delamore's ghost (journeyman GrFi)
 11705 | Lair:3   | Noticed a death yak
 11706 | Lair:3   | Found a transporter.
 11707 | Lair:3   | Noticed a death yak
 11718 | Lair:3   | Noticed a catoblepas
 11729 | Lair:3   | Killed a catoblepas
 11729 | Lair:3   | Reached XP level 12. HP: 45/90 MP: 7/11
 11891 | Lair:3   | Found a transporter.
 12656 | Lair:4   | Found a frozen archway.
 12674 | IceCv    | Entered an ice cave
 13314 | IceCv    | Found an ancient bone altar of Kikubaaqudgha.
 13368 | IceCv    | HP: 2/91 [troll simulacrum (13)]
 13833 | IceCv    | Reached skill level 5 in Fighting
 14022 | Lair:4   | Noticed a four-headed hydra
 14029 | Lair:4   | Killed a one-headed hydra
 14055 | Lair:4   | Reached skill level 15 in Shields
 14097 | Lair:4   | Reached ****** piety under Trog
 14195 | Lair:4   | Noticed a death yak
 14195 | Lair:4   | Noticed a death yak
 14195 | Lair:4   | Noticed a death yak
 14196 | Lair:4   | Noticed a death yak
 14196 | Lair:4   | Noticed a death yak
 14226 | Lair:4   | Killed a death yak
 14233 | Lair:4   | Killed a death yak
 14233 | Lair:4   | Killed a death yak
 14233 | Lair:4   | Reached XP level 13. HP: 50/105 MP: 6/12
 14719 | Lair:4   | Identified the Compendium of Ignition and Feathers
 15592 | Lair:5   | Received a gift from Trog
 15707 | Lair:5   | Found a staircase to the Slime Pits.
 15951 | Lair:5   | Reached skill level 10 in Fighting
 15961 | Lair:5   | Reached skill level 5 in Armour
 16079 | Lair:6   | Entered Level 6 of the Lair of Beasts
 16606 | Lair:6   | Received a gift from Trog
 16902 | Lair:6   | Got a crude tin ring
 17479 | Lair:6   | Reached XP level 14. HP: 124/124 MP: 13/13
 18015 | Lair:6   | Received a gift from Trog
 18183 | Lair:6   | Found the +8 arc blade {discharge, rElec}
 18212 | Lair:6   | Got an iridescent war axe
 18225 | Lair:6   | Identified the cursed +3 war axe of Cuuntoj {vorpal, +Rage}
                  | (You found it on level 6 of the Lair of Beasts)
 18226 | Lair:6   | Identified the ring of Creativity {rN+ MR++ Str+6 Int+3
                  | Dex+4} (You found it on level 6 of the Lair of Beasts)
 18637 | D:10     | Entered Level 10 of the Dungeon
 18707 | D:10     | Noticed Joseph
 18714 | D:10     | Killed Joseph
 18714 | D:10     | Reached skill level 10 in Armour
 18723 | D:10     | Found a staircase to the Orcish Mines.
 18908 | D:10     | Noticed Grum
 18914 | D:10     | Killed Grum
 19251 | Orc:1    | Entered Level 1 of the Orcish Mines
 19474 | Orc:1    | Received a gift from Trog
 19755 | Orc:2    | Entered Level 2 of the Orcish Mines
 19756 | Orc:2    | Found Woqas's Antique Armour Shop.
 19813 | Orc:2    | Found a transporter.
 19822 | Orc:2    | Noticed Azrael
 19824 | Orc:2    | Reached skill level 1 in Evocations
 19836 | Orc:2    | Killed Azrael
 19869 | Orc:2    | Found Haudoq's Antique Weapon Shop.
 19901 | Orc:2    | Noticed an orc warlord
 19902 | Orc:2    | Found Pacziamn's General Store.
 19933 | Orc:2    | Killed an orc warlord
 20168 | Orc:2    | Reached skill level 5 in Evocations
 20216 | Orc:2    | Found Uruadwee's Book Emporium.
 20434 | Orc:2    | Found Qoicijul's Distillery.
 20511 | Orc:2    | Found a transporter.
 20544 | Orc:2    | Found a roughly hewn altar of Beogh.
 20615 | Orc:2    | Noticed Kisosi's ghost (journeyman DDFi)
 20699 | Orc:2    | Found a staircase to the Elven Halls.
 20829 | Orc:2    | Killed Kisosi's ghost
 20832 | Orc:2    | Received a gift from Trog
 20845 | Orc:2    | Got a translucent glass ring
 21371 | D:11     | Reached XP level 15. HP: 136/136 MP: 18/18
 21557 | D:11     | Got a crude chain mail
 21558 | D:11     | Identified the ring of Tugar {*Drain rN++ AC+4} (You found
                  | it on level 2 of the Orcish Mines)
 21570 | D:11     | Identified the +9 chain mail of the Comet {rPois rN+
                  | Regen+} (You found it on level 11 of the Dungeon)
 22120 | D:12     | Noticed Sonja
 22134 | D:12     | Killed Sonja
 22701 | D:13     | Received a gift from Trog
 23010 | D:13     | Noticed Frances
 23026 | D:13     | Killed Frances
 23350 | D:14     | Identified Roxanne's Guide on Shape Shifting
 23350 | D:14     | Noticed Roxanne
 23371 | D:14     | Killed Roxanne
 23395 | D:14     | Noticed Josephine
 23415 | D:14     | Killed Josephine
 23423 | D:14     | Found a gate to the Vaults.
 23737 | D:14     | Found the +6 Majin-Bo {vamp, Archmagi MP+6 Int+6}
 24248 | Snake:1  | Entered Level 1 of the Snake Pit
 24547 | Snake:1  | Noticed Aizul
 24574 | Snake:1  | Killed Aizul
 24574 | Snake:1  | Reached XP level 16. HP: 127/147 MP: 9/20
 24809 | Snake:2  | Received a gift from Trog
 25240 | Snake:2  | Reached skill level 15 in Fighting
 25359 | Snake:2  | Found an iron altar of Okawaru.
 25419 | Snake:2  | Noticed Louise
 25434 | Snake:2  | Killed Louise
 25672 | Snake:3  | Noticed Jorgrun
 25685 | Snake:3  | Killed Jorgrun
 25694 | Snake:3  | Noticed Bai Suzhen
 25699 | Snake:3  | Received a gift from Trog
 25710 | Snake:3  | Killed Bai Suzhen
 26196 | Snake:3  | Reached XP level 17. HP: 126/156 MP: 18/21
 26241 | Snake:3  | Got a crude jade ring
 26356 | Snake:4  | Entered Level 4 of the Snake Pit
 26426 | Snake:4  | Reached skill level 10 in Dodging
 26737 | Snake:4  | Received a gift from Trog
 27824 | Snake:4  | Got a serpentine rune of Zot
 28157 | Shoals:1 | Entered Level 1 of the Shoals
 28200 | Shoals:1 | Found a transporter.
 28201 | Shoals:1 | Found a transporter.
 28202 | Shoals:1 | Noticed Wecaes's ghost (journeyman HOFE)
 28269 | Shoals:1 | Received a gift from Trog
 28612 | Shoals:1 | Identified the +1 trident of Issukkia {distort, *Contam rC+
                  | rN+}
 28737 | Shoals:2 | Noticed a kraken
 28746 | Shoals:2 | Killed a kraken
 29260 | Shoals:2 | Noticed a titan
 29289 | Shoals:2 | Killed a titan
 29432 | Shoals:3 | Noticed Ilsuiw
 29494 | Shoals:3 | Killed Ilsuiw
 29699 | Shoals:3 | Reached XP level 18. HP: 161/168 MP: 20/22
 30040 | Shoals:4 | Entered Level 4 of the Shoals
 30073 | Shoals:4 | Received a gift from Trog
 30162 | Shoals:4 | Reached skill level 15 in Armour
 30780 | Shoals:4 | Identified the +7 quarterstaff "Tadamori" {venom, Fragile
                  | Str+5}
 30900 | Shoals:4 | Received a gift from Trog
 30958 | Shoals:4 | Got a barnacled rune of Zot
 31362 | Shoals:4 | Identified the ring "Eblupp" {Ice Str+3 Dex+3 Stlth+} (You
                  | found it on level 3 of the Snake Pit)
 31404 | Shoals:4 | Noticed Polyphemus
 31435 | Shoals:4 | Killed Polyphemus
 31860 | D:15     | Entered Level 15 of the Dungeon
 32219 | D:15     | Found a staircase to the Depths.
 32247 | D:15     | Found a snail-covered altar of Cheibriados.
 32507 | Depths:1 | Entered Level 1 of the Depths
 32686 | Depths:1 | Received a gift from Trog
 32734 | Depths:1 | Reached XP level 19. HP: 63/177 MP: 8/23
 33230 | Depths:1 | Found a gateway to Hell.
 33502 | Depths:1 | Received a gift from Trog
 33958 | Depths:2 | Found a runed translucent gate.
 33958 | Depths:2 | Found a runed translucent gate.
 33958 | Depths:2 | Found a gateway to a ziggurat.
 34005 | Depths:2 | Found a portal to a secret trove of treasure.
 34201 | Depths:2 | Found a one-way gate leading to the halls of Pandemonium.
 34224 | Depths:2 | Found a runed translucent gate.
 34225 | Depths:2 | Found an opulent altar of Gozag.
 34225 | Depths:2 | Noticed a caustic shrike
 34226 | Depths:2 | Found Zamibretaf's Assorted Antiques.
 34227 | Depths:2 | Noticed Froggeryz's ghost (legendary MiBe)
 34415 | Depths:2 | Paralysed by a floating eye for 2 turns
 34505 | Depths:2 | Noticed a caustic shrike
 34514 | Depths:2 | Killed a caustic shrike
 34585 | Depths:2 | Noticed a golden dragon
 34595 | Depths:2 | Killed a golden dragon
 34767 | Depths:2 | Received a gift from Trog
 34788 | Depths:2 | Got a flickering steel ring
 34790 | Depths:2 | Got a bound bronze amulet
 34833 | Depths:2 | Identified the amulet "Emiel" {Faith Int+3} (You found it
                  | on level 2 of the Depths)
 34839 | Depths:2 | Reached XP level 20. HP: 188/189 MP: 24/24
 34840 | Depths:2 | Identified the ring of Ituaff {Fire +Blink rElec rN+ Int-4}
                  | (You found it on level 2 of the Depths)
 34942 | Depths:3 | Noticed Anleoss's ghost (veteran GnWn)
 35073 | Depths:3 | Noticed a juggernaut
 35083 | Depths:3 | Noticed a golden dragon
 35095 | Depths:3 | Killed a juggernaut
 35102 | Depths:3 | Killed a ghostly juggernaut
 35573 | Depths:3 | Received a gift from Trog
 36009 | Depths:3 | Identified the ring "Esamewyh" {MR++ EV+4}
 36065 | Depths:3 | Found a runed translucent gate.
 36065 | Depths:3 | Found a runed translucent gate.
 36065 | Depths:3 | Found a runed translucent gate.
 36207 | Depths:3 | Killed a golden dragon
 36631 | Depths:3 | Killed Anleoss's ghost
 36725 | Depths:3 | Got the ring of Isaem {Fire}
 37155 | Shoals:1 | Found a one-way gate to the infinite horrors of the Abyss.
 37183 | Shoals:1 | Killed Wecaes's ghost
 37689 | Depths:4 | Reached XP level 21. HP: 130/201 MP: 17/25
 37973 | Depths:4 | Found Poelynuo's Gadget Shoppe.
 37973 | Depths:4 | Found Fodu's Jewellery Shop.
 37974 | Depths:4 | Found Jithos's Jewellery Shop.
 37991 | Depths:4 | Bought a +4 ring of slaying for 1248 gold pieces
 38025 | Depths:4 | Noticed a golden dragon
 38039 | Depths:4 | Killed a golden dragon
 38039 | Depths:4 | Received a gift from Trog
 38282 | Depths:4 | You fall into a shaft and drop 1 floor!
 38282 | Depths:5 | Entered Level 5 of the Depths
 38806 | Depths:5 | Received a gift from Trog
 38836 | Depths:5 | Noticed the Enchantress
 39576 | Depths:5 | Killed the Enchantress
 39745 | Depths:5 | Found a gate to the Realm of Zot.
 39774 | Depths:5 | Reached XP level 22. HP: 148/213 MP: 26/26
 39916 | Depths:5 | Received a gift from Trog
 40818 | Vaults:1 | Entered Level 1 of the Vaults
 41548 | Vaults:1 | Received a gift from Trog
 41979 | Vaults:1 | Noticed Asterion
 41992 | Vaults:1 | Killed Asterion
 42515 | Vaults:2 | Received a gift from Trog
 42662 | Vaults:2 | Found a ruined gateway.
 42675 | Desolati | Entered the Desolation of Salt
 42799 | Desolati | Identified the Reference Book on the Arsonist and the Birds
 42957 | Desolati | Received a gift from Trog
 43114 | Desolati | Identified the amulet of Entrepreneurial Spirit {Faith MR+
                  | Str+3}
 43149 | Desolati | Found the +3 warlock's mirror {reflect}
 43152 | Desolati | Got a scorched granite ring
 43153 | Desolati | Identified the ring "Qyemupt" {rF+ EV+4} (You found it in
                  | the Desolation of Salt)
 43158 | Desolati | Identified the Incunabulum of Earth and Fire
 43162 | Desolati | Got a bronze chain mail
 43163 | Desolati | Identified the +1 chain mail "Herhiacs" {+Inv rN+} (You
                  | found it in the Desolation of Salt)
 43315 | Desolati | Reached XP level 23. HP: 221/221 MP: 27/27
 43601 | Vaults:2 | Received a gift from Trog
 43944 | Vaults:2 | Found Jicsuypt's Gadget Emporium.
 44518 | Vaults:3 | Received a gift from Trog
 44896 | Vaults:3 | Found a staircase to the Crypt.
 45641 | Vaults:4 | Received a gift from Trog
 45957 | Vaults:4 | Received a gift from Trog
 46039 | Vaults:4 | Noticed Xtahua
 46055 | Vaults:4 | Killed Xtahua
 46229 | Vaults:4 | Found a runed translucent gate.
 46230 | Vaults:4 | Found a runed translucent gate.
 46230 | Vaults:4 | Found a runed translucent gate.
 46230 | Vaults:4 | Noticed Sianeop's ghost (adept GrFi)
 46421 | Vaults:4 | Killed Sianeop's ghost
 46885 | Vaults:5 | Entered Level 5 of the Vaults
 46908 | Vaults:4 | Reached XP level 24. HP: 166/231 MP: 27/27
 47152 | Vaults:5 | Received a gift from Trog
 47174 | Vaults:5 | Found Ojahiwyi's Book Shoppe.
 47434 | Vaults:5 | HP: 6/233 [fire giant/bolt of fire (22)]
 47463 | Vaults:5 | Received a gift from Trog
 47714 | Vaults:5 | Identified the ring "Kaicoycw" {+Fly MP+9}
 47743 | Vaults:5 | Identified Sif Muna's Collected Works on the Rocks and Evil
                  | Secrets
 47745 | Vaults:5 | Got a bloodstained scale mail
 47746 | Vaults:5 | Identified the +3 scale mail of Fiwuy {rF+++ rC+ rN+} (You
                  | found it on level 5 of the Vaults)
 47879 | Vaults:5 | Noticed an ancient lich
 47892 | Vaults:5 | Killed an ancient lich
 48013 | Vaults:5 | Reached skill level 15 in Dodging
 48361 | Vaults:5 | Found Nyec's Armour Shop.
 48650 | Vaults:5 | Got a silver rune of Zot
 48662 | Vaults:5 | Identified Sif Muna's Handbook of Unstable Stolen Souls
 49140 | Zot:1    | Entered Level 1 of the Realm of Zot
 49192 | Zot:1    | Received a gift from Trog
 49207 | Zot:1    | Reached XP level 25. HP: 204/243 MP: 27/27
 50048 | Zot:2    | Received a gift from Trog
 50469 | Zot:2    | Identified 2 scrolls of acquirement
 50617 | Depths:2 | You paid a toll of 2 scrolls of acquirement to enter a
                  | treasure trove
 50618 | Trove    | Entered a treasure trove
 50628 | Trove    | Got a shimmering tower shield
 50629 | Trove    | Identified the +0 tower shield "Pealet" {rElec} (You found
                  | it in a treasure trove)
 50644 | Trove    | Got ancient fire dragon scales
 50645 | Trove    | Identified the +3 fire dragon scales "Laenwin" {rF++ rC-
                  | Int+4 Dex+3} (You found it in a treasure trove)
 50652 | Trove    | Got a pair of scorched gloves
 50657 | Trove    | Identified the +0 pair of boots of the Lion {Int+2} (You
                  | found it in a treasure trove)
 50675 | Trove    | Got a brightly glowing crystal plate armour
 50676 | Trove    | Identified the +0 crystal plate armour of Xuop {Str+6} (You
                  | found it in a treasure trove)
 50688 | Trove    | Got a spiked tower shield
 50725 | Trove    | Identified the +11 tower shield of Ashenzari's Regard
                  | {-Tele Harm Int+4} (You found it in a treasure trove)
 50784 | Depths:2 | Identified the +2 pair of gloves of Buitick {rN+++ rCorr
                  | MP-9 Dex+2} (You found it in a treasure trove)
 51618 | Zot:3    | Noticed a Killer Klown
 51633 | Zot:3    | Killed a Killer Klown
 51760 | Zot:3    | Reached XP level 26. HP: 168/255 MP: 18/27
 52221 | Zot:3    | Identified the +4 dragonskin cloak
 52221 | Zot:3    | Noticed Tiamat
 52228 | Zot:3    | Received a gift from Trog
 52769 | Zot:3    | Killed Tiamat
 53281 | Zot:3    | Reached skill level 27 in Axes
 54025 | Zot:4    | Noticed an orb of fire
 54046 | Zot:4    | Gained mutation: Your body sometimes deteriorates upon
                  | taking damage. [an orb of fire]
 54048 | Zot:4    | Killed an orb of fire
 54630 | Zot:5    | Entered Level 5 of the Realm of Zot
 55139 | Zot:5    | Noticed an orb of fire
 55161 | Zot:5    | Killed an orb of fire
 55552 | Zot:5    | Noticed an orb of fire
 55565 | Zot:5    | Killed an orb of fire
 55782 | Zot:5    | Noticed an orb of fire
 55785 | Zot:5    | Noticed an orb of fire
 55788 | Zot:5    | Noticed an orb of fire
 55791 | Zot:5    | Noticed an orb of fire
 55795 | Zot:5    | Gained mutation: Your magical capacity is low. (-10% MP)
                  | [an orb of fire]
 55799 | Zot:5    | Killed an orb of fire
 55799 | Zot:5    | Reached XP level 27. HP: 269/269 MP: 15/24
 55808 | Zot:5    | Gained mutation: You are clumsy. (Dex -2) [an orb of fire]
 55809 | Zot:5    | Killed an orb of fire
 55809 | Zot:5    | Killed an orb of fire
 55809 | Zot:5    | Killed an orb of fire
 55814 | Zot:5    | Noticed an ancient lich
 55821 | Zot:5    | Noticed an ancient lich
 55822 | Zot:5    | Killed an ancient lich
 55846 | Zot:5    | Killed an ancient lich
 55846 | Zot:5    | Received a gift from Trog
 56469 | Zot:5    | Reached skill level 27 in Fighting
 56497 | Zot:5    | Got the Orb of Zot
 56793 | Depths:1 | Noticed Caducs the pandemonium lord
 56929 | D:15     | Noticed Taif the pandemonium lord
 57320 | D:$      | Escaped with the Orb!

Illustrated notes

Levels and vault maps discovered:
D:1:      minmay_arrival_doors, layout_rooms
D:2:      layout_rooms
D:3:      layout_basic, lemuel_coloured_pillars_altar,
          chequers_ecumenical_altar_simple_redux, evilmike_ruin_ashenzari
D:4:      layout_layer_cave, grunt_temple_overflow_champion_of_chaos,
          yredelemnul_altar_generic, gammafunk_temple_overflow_claw,
          first_ration, enter_ossuary_2, kennysheep_generic_room_3, uniq_purgy
D:5:      layout_basic, makhleb_altar_promises_db, uniq_prince_ribbit1
D:6:      layout_loops_corners, serial_shops, nicolae_shop_trees,
          minmay_misc_feat_secret_circle, uniq_crazy_yiuf_cottage, uniq_pikel
D:7:      minmay_the_grid_triangle_9x9_rhombus_full
          [minmay_the_grid_triangle_9x9_tough_junction,
          minmay_the_grid_triangle_9x9_impossible_snake,
          minmay_the_grid_triangle_9x9_alien,
          minmay_the_grid_triangle_9x9_cache,
          minmay_the_grid_triangle_9x9_corruption,
          minmay_the_grid_triangle_9x9_stretched_checkered,
          minmay_the_grid_triangle_9x9_subtriangle,
          minmay_the_grid_triangle_9x9_prize_schism], layout_rooms,
          kennysheep_mini, led_sif_book, temple_doors_ab, serial_shops,
          nicolae_shop_waterfront
D:8:      layout_gridville, serial_shops, shop, corexii_hall_statues_t
D:9:      layout_cave_pools, zin_academy, serial_shops, nicolae_shop_stone
D:10:     layout_roguey, david_orc_2, hangedman_fish_farm, uniq_joseph,
          uniq_grum
D:11:     layout_irregular_city
D:12:     layout_grid_maze, uniq_sonja
D:13:     layout_gridville, grunt_decor_cap, hangedman_abyss_or_decor_clamps,
          uniq_frances
D:14:     layout_irregular_city, david_vaults_2, uniq_josephine, uniq_roxanne
D:15:     hangedman_depths_entry_try_elsewhere_first, layout_gridville,
          cheibriados_altar_1
Lair:1:   layout_cave_pods, grunt_megastairs_4
Lair:2:   layout_gridlike, minmay_shoals_entry_hut, dummy_snake_entry
Lair:3:   layout_regular_city, gammafunk_ghost_arena
Lair:4:   layout_gridlike, portal_ice_cave_entry_imps, serial_bayou_lagoon_a,
          serial_bayou_pond_a, roderic_batcave, cheibrodos_lair_reptile_den,
          grunt_megastairs_5
Lair:5:   layout_concentric_octagons, minmay_slime_entry_pillars,
          chequers_serial_rivers_small_3, minmay_lair_drake_nest,
          grunt_megastairs_2, infiniplex_staircase_pool_2,
          minmay_lair_oklob_chamber
Lair:6:   guppyfry_lair_end_dragon, layout_regular_city,
          hangedman_lair_caniforms_friends, minmay_lindwurm_lava,
          serial_bayou_shore_a, serial_bayou_shore_b
Shoals:1: layout_shoals, gammafunk_ghost_abyssal_escape
Shoals:2: cheibrodos_shoals_gigantism, layout_shoals,
          nicolae_shoals_kraken_intersection
Shoals:3: layout_shoals, uniq_ilsuiw
Shoals:4: shoals_end_grunt_garden, layout_shoals, hangedman_shoal_volcano,
          uniq_polyphemus
Snake:1:  layout_misc_corridors, uniq_aizul
Snake:2:  layout_misc_corridors, basic_altar, st_stairs_10, drop_trap,
          guppyfry_library_mini, uniq_louise
Snake:3:  layout_basic, serial_bayou_shore_b, uniq_jorgrun, uniq_bai_suzhen
Snake:4:  johnstein_snake_rune_scales, layout_cave_town
Orc:1:    layout_caves
Orc:2:    grunt_orc_gardens, layout_caves, grunt_orc_garden, grunt_orc_garden,
          grunt_orc_garden, grunt_orc_garden, gammafunk_ghost_berserking_beasts,
          serial_shops, shop, mines2_david, uniq_azrael
Vaults:1: vaults_mumra_chevron_long, v_misc_26, vaults_room_large_hall,
          hangedman_vaults_pinch, vaults_dpeg_hooks,
          vaults_standard_mumra_lines, v_pattern_2, hangedman_vaults_locks,
          ontoclasm_vaults_bender, v_misc_17, vaults_room_grunt_arrival_ludios,
          hangedman_vaults_impose, ontoclasm_vaults_decontamination, v_misc_23,
          ontoclasm_vaults_pinch, layout_vaults_omnicross, uniq_asterion
Vaults:2: vaults_standard_mumra_x, nicolae_vaults_circle_grid_a,
          vaults_room_mumra_shop_pool, nicolae_vaults_angled_halls,
          vaults_dpeg_encased_lava, vaults_dpeg_diagonal,
          layout_vaults_omnigrid, portal_desolation_entry_garden
Vaults:3: minmay_crypt_entry_skeletal_spiral, nicolae_vaults_ninety_degrees,
          hangedman_vaults_stream, v_misc_8, vaults_room_stairs_pillars,
          hangedman_vaults_corner, v_misc_10, nicolae_vaults_three_branches,
          v_misc_13, nicolae_vaults_ring_of_whatevers, v_alt_pattern_1,
          nicolae_vaults_yaktaur_gun_rack, layout_vaults_ring
Vaults:4: gammafunk_vaults_ghost_spectres, hangedman_vaults_impose,
          ontoclasm_vaults_gateway, vaults_room_door_hall, v_alt_pattern_3,
          vaults_room_door_ring, dpeg_vaults_monster_box, vaults_mumra_hexcomb,
          ontoclasm_vaults_chip, ontoclasm_vaults_shuriken,
          vaults_mumra_chevron, vaults_dpeg_ring, layout_vaults_maze_snakey,
          uniq_xtahua
Vaults:5: serial_shops
Depths:1: layout_gridlike, chequers_serial_rivers_micro_d, hellmouth_1,
          grunt_ministairs_9, item_on_display_a
Depths:2: minmay_tearing_corner, layout_basic, enter_ziggurat_f,
          ebering_ghost_gozag, chequers_serial_rivers_small_b, hell_entry,
          nicolae_trove_entry_crossroad, rand_demon_pan_entry_7,
          infiniplex_staircase_split_hallway
Depths:3: grunt_arcs, layout_basic, pf_vacation_house_of_asmodeus, pan_entry,
          gammafunk_ghost_icy, minmay_staircase_statues
Depths:4: mu_elephants_graveyard, layout_basic, hell_entry, abyss_entry,
          pan_entry, minmay_shop_grove
Depths:5: grunt_crosshair, layout_cave_pools, hell_entry, hangedman_decor_push,
          grunt_ministairs_7, minmay_misc_feat_cross, uniq_enchantress
Zot:1:    kennysheep_blocky_room, layout_misc_corridors
Zot:2:    layout_misc_corridors, st_small_dragon_hoard_5, zot_minivault_8
Zot:3:    kennysheep_bubbly, layout_basic, uniq_tiamat
Zot:4:    layout_misc_corridors, bh_zot_ikea_curve, lemuel_lake_of_fire
Zot:5:    layout_concentric_octagons

Skill      XL: |  1  2  3  4  5  6  7  8  9 10 11 12 13 14 15 16 17 18 19 20 21 22 23 24 25 26 27 |
---------------+----------------------------------------------------------------------------------+-----
Axes           | 4 5 6 7 8 10 13 15 16 17 18 19 20 21 22 23 24 25 26 27 | 27.0
Dodging        | 3 4 5 7 9 11 12 13 15 17 19 21 | 21.3
Shields        | 9 13 15 16 17 18 19 20 21 22 25 26 | 26.3
Fighting       | 7 11 13 14 15 16 17 18 20 21 22 23 24 26 27 | 27.0
Armour         | 8 11 12 13 14 15 17 18 19 20 | 20.0
Evocations     | 6 7 |  7.1

Action                   |  1- 3 |  4- 6 |  7- 9 | 10-12 | 13-15 | 16-18 | 19-21 | 22-24 | 25-27 || total
-------------------------+-------+-------+-------+-------+-------+-------+-------+-------+-------++-------
Melee: Hand axe          |   104 |   136 |   295 |   268 |       |       |       |       |       ||   803
       Headbutt          |    11 |    20 |    60 |   122 |   388 |   436 |   446 |   494 |   274 ||  2251
       Broad axe         |       |       |       |   280 |  1221 |  1359 |  1256 |  1365 |   754 ||  6235
Invok: Berserk           |       |     1 |     5 |     9 |     4 |     8 |     2 |       |     2 ||    31
       Trog's Hand       |       |       |     1 |     1 |     1 |     3 |     2 |     2 |     3 ||    13
       Brothers in Arms  |       |       |       |       |     1 |     1 |     1 |       |     3 ||     6
Evoke: Wand              |       |       |     2 |    19 |     6 |     2 |     2 |       |     1 ||    32
       Phantom mirror    |       |       |       |       |       |       |       |       |     1 ||     1
  Use: Scroll            |       |       |     3 |    20 |    13 |     6 |    15 |    20 |    13 ||    90
       Potion            |       |       |     3 |     1 |     2 |     4 |     2 |     4 |    11 ||    27
 Stab: Confused          |       |       |       |       |     2 |       |       |       |       ||     2
       Distracted        |       |       |       |       |       |     1 |     1 |     1 |       ||     3
       Petrified         |       |       |       |       |       |     4 |       |       |       ||     4
       Petrifying        |       |       |       |       |       |     1 |       |       |       ||     1
       Invisible         |       |       |       |       |       |       |     1 |       |       ||     1
  Eat: Chunk             |     1 |     3 |    17 |    22 |    34 |    18 |    23 |    20 |     1 ||   139
       Ration            |       |     1 |     1 |     3 |     1 |     6 |     1 |     6 |     6 ||    25
Armor: Animal skin       |     7 |       |       |       |       |       |       |       |       ||     7
       Ring mail         |    26 |       |       |       |       |       |       |       |       ||    26
       Scale mail        |     5 |    40 |    69 |     8 |       |       |       |       |    43 ||   165
       Skin              |       |       |     7 |       |       |       |       |       |       ||     7
       Chain mail        |       |       |       |   147 |   288 |   600 |   346 |   191 |    78 ||  1650
       Fire dragon scale |       |       |       |       |       |       |       |       |    29 ||    29
Dodge: Dodged            |    74 |    76 |   127 |   174 |   285 |   591 |   420 |   249 |   300 ||  2296
Block: Buckler           |       |       |       |   107 |       |       |       |       |       ||   107
       Kite shield       |       |       |       |     7 |   741 |  1269 |   890 |       |       ||  2907
       Tower shield      |       |       |       |       |       |       |    52 |  1341 |   850 ||  2243
       Reflection        |       |       |       |       |       |       |    20 |   159 |    12 ||   191
